 Dungeon Crawl Stone Soup version 0.18.1-8-gdd0e5ea (webtiles) character file.

105 Hipnos the Firebug (level 4, 0/24 HPs)
             Began as a Gargoyle Fire Elementalist on May 22, 2016.
             Killed from afar by an orc wizard (7 damage)
             ... with a magic dart
             ... on level 3 of the Dungeon.
             The game lasted 00:09:33 (2245 turns).

Hipnos the Firebug (Gargoyle Fire Elementalist)     Turns: 2245, Time: 00:09:34

Health: 0/24       AC:  7    Str: 11    XL:     4   Next: 81%
Magic:  2/8        EV: 12    Int: 17    God:
Gold:   106        SH:  0    Dex: 10    Spells: 1 memorised, 7 levels left

rFire  + . .     SeeInvis .     m - +0 whip
rCold  . . .     Gourm    .     k - +1 leather armour {rF+}
rNeg   + . .     Faith    .     (no shield)
rPois  ∞         Spirit   .     (no helmet)
rElec  +         Dismiss  .     (no cloak)
rCorr  .         Reflect  .     (no gloves)
SustAt .         Harm     .     (no boots)
MR     .....                    (no amulet)
Stlth  ++........               (no ring)
                                (no ring)

@: not resistant to hostile enchantments, unstealthy
A: negative energy resistance 1, electricity resistance, unbreathing,
petrification resistance, rot immunity, AC +3
a: no special abilities


You were on level 3 of the Dungeon.
You were not hungry.

You visited 1 branch of the dungeon, and saw 3 of its levels.

You collected 106 gold pieces.

Inventory:

Hand Weapons
 m - a +0 whip (weapon)
Armour
 a - a +0 robe
 k - a +1 leather armour of fire resistance (worn)
Jewellery
 i - an uncursed amulet of faith {unknown}
Scrolls
 d - 4 scrolls of identify {unknown}
 e - a scroll of immolation {unknown}
 f - a scroll of noise {unknown}
 j - a scroll of teleportation {unknown}
 o - a scroll of blinking {unknown}
Potions
 g - a potion of curing {unknown}
 h - a potion of heal wounds {unknown}
 l - 2 potions of brilliance {unknown}
 n - 2 potions of mutation {unknown}
Books
 b - a book of Flames

   Spells                             Type                      Level
   a - Flame Tongue                   Conjuration/Fire             1
   b - Throw Flame                    Conjuration/Fire             2
   c - Conjure Flame                  Conjuration/Fire             3
   d - Inner Flame                    Hexes/Fire                   3
   e - Sticky Flame                   Conjuration/Fire             4
   f - Fireball                       Conjuration/Fire             5
Comestibles
 c - 2 bread rations
 p - a slice of pizza


   Skills:
 + Level 2.4 Dodging
 - Level 2.1 Stealth
 + Level 0.4 Unarmed Combat
 + Level 2.7 Spellcasting
 + Level 2.2 Conjurations
 + Level 3.7 Fire Magic


You had 7 spell levels left.
You knew the following spells:

 Your Spells              Type           Power        Failure   Level  Hunger
a - Flame Tongue          Conj/Fire      ##...        10%         1    #......


Dungeon Overview and Level Annotations

Branches:
Dungeon (3/15)

Altars:
Dithmenos
Ru


Innate Abilities, Weirdness & Mutations

You are resistant to torment.
Your stone body is resilient (AC +3).
You are immune to poison.
You resist negative energy.
You are resistant to electric shocks.
You can survive without breathing.
You are immune to petrification.
You are immune to rotting.


Message History

You closely miss the orc. The orc hits you but does no damage.
You barely miss the orc. The orc barely misses you.
You hit the orc.
The orc is lightly wounded.
The orc hits you with a short sword.
Found a ring mail.
Found a dented zirconium amulet.
You see here a ring mail.
A goblin and a kobold come into view.
The kobold shouts!
A puff of flame appears from out of thin air!
The puff of flame hits you! You resist.
You see here a dented zirconium amulet.
i - a dented zirconium amulet A puff of flame appears from out of thin air!
The puff of flame hits you! You resist.
* * * LOW HITPOINT WARNING * * *
A magic dart appears from out of thin air!
The magic dart hits you!
You die...

########.....#######.
#.....<.)....#
#.######..)..# #...(.#
######.#.# #.(....#.#
# #.######.####.# #.#
#.#....# #.# #.#@# #
##.## #.#.#
#.##...#####.#.#
#........)...#.#
####..>#######.######.
##.## #{o...gK. #.#
#g####### #.# #.# #.#
#[#


You could see an orc and a goblin.

Vanquished Creatures
  An orc wizard (D:3)
  An ooze (D:3)
  2 dart slugs
  A giant gecko (D:2)
  4 orcs (D:3)
  4 bats
  4 giant cockroaches
  6 hobgoblins
  14 jackals
  A giant newt (D:2)
  10 goblins
  4 kobolds
  3 rats
55 creatures vanquished.

Notes
Turn   | Place    | Note
--------------------------------------------------------------
     0 | D:1      | Hipnos the Gargoyle Fire Elementalist began the quest for the Orb.
     0 | D:1      | Reached XP level 1. HP: 10/10 MP: 3/3
   552 | D:1      | Reached XP level 2. HP: 14/15 MP: 5/5
   885 | D:1      | Reached XP level 3. HP: 19/19 MP: 3/6
  1363 | D:2      | Found a shadowy altar of Dithmenos.
  1774 | D:2      | Found a sacrificial altar of Ru.
  1850 | D:2      | Reached XP level 4. HP: 24/24 MP: 5/7
  2245 | D:3      | Killed from afar by an orc wizard

Skill      XL: |  1  2  3  4 |
---------------+-------------+-----
Dodging        | 2 |  2.4
Conjurations   | 2 |  2.2
Stealth        | |  2.1
Unarmed Combat | |  0.4
Spellcasting   | |  2.7
Fire Magic     | |  3.7

Action                   |  1- 3 |  4- 6 || total
-------------------------+-------+-------++-------
Melee: Unarmed           |    54 |       ||    54
       Whip              |    14 |    14 ||    28
 Cast: Flame Tongue      |    59 |    22 ||    81
 Stab: Sleeping          |     2 |       ||     2
  Eat: Chunk             |     4 |     1 ||     5
Armor: Robe              |    26 |       ||    26
       Leather armour    |     9 |     6 ||    15
Dodge: Dodged            |    90 |     5 ||    95
